AoeStats
← Jan Itor

Lombardia

508945948Analyzed
4v4 RM · 8d ago on Sep 24, 2026· 52m 22s· 8 players
Game mode
Random Map
Map size
Large (8 player)
Population
200
Speed
Normal
Resources
Standard
Victory
Conquest
Starting age
Dark Age
Ending age
Imperial Age
RankedLock teamsTeams togetherTeam positionsShared explorationLock speedFull tech treeHidden civsTurbo modeCheats
Victory
Defeat
🇩🇪 Japanese · Germany
1808
+10
🇺🇦 Bohemians · Ukraine
1773
+11
🇨🇭 Bengalis · Switzerland
1674
+15
🇧🇷 Franks · Brazil
1599
+19
🇨🇿 Bulgarians · Czechia
1741
-16
🇨🇿 Malians · Czechia
1658
-14
🇨🇿 Poles · Czechia
1638
-13
🇨🇿 Gurjaras · Czechia
1622
-12
Čiko
10:48 Feudal Age
11:33 Double-Bit Axe
12:02 Double-Bit Axe
14:28 Castle Age
12:43 Horse Collar
15:20 Bow Saw
19:32 Heavy Plow
20:57 Wheelbarrow
21:50 Loom
22:55 Hand Cart
22:44 Gold Mining
23:22 Stone Mining
28:40 Imperial Age
26:26 Forging
26:21 Scale Barding Armor
26:27 Forging
27:33 Iron Casting
27:56 Stone Shaft Mining
27:38 Light Cavalry
28:28 Bloodlines
28:19 Husbandry
28:36 Szlachta Privileges
29:08 Chain Barding Armor
28:44 Winged Hussar
31:23 Blast Furnace
30:15 Cavalier
32:55 Lechitic Legacy
33:53 Crop Rotation
34:20 Coinage
34:21 Town Watch
34:40 Scale Mail Armor
35:04 Conscription
34:05 Elite Obuch
36:00 Banking
37:32 Chain Mail Armor
37:23 Squires
37:08 Arson
38:02 Town Patrol
41:20 Plate Mail Armor
45:36 Fletching
Voskarius
8:43 Loom
10:55 Feudal Age
14:34 Castle Age
13:11 Double-Bit Axe
18:00 Horse Collar
20:20 Wheelbarrow
20:59 Bow Saw
24:49 Scale Barding Armor
24:55 Bloodlines
25:29 Forging
26:58 Husbandry
26:58 Gold Mining
28:24 Chain Barding Armor
37:49 Town Watch
39:15 Heavy Plow
40:14 Hand Cart
43:37 Imperial Age
41:24 Stone Mining
43:41 Heavy Camel Rider
45:01 Plate Barding Armor
Noxx
8:34 Loom
11:29 Feudal Age
16:02 Castle Age
14:57 Double-Bit Axe
18:06 Bow Saw
17:59 Horse Collar
23:40 Wheelbarrow
23:39 Heavy Plow
29:41 Pikeman
34:42 Hand Cart
38:33 Imperial Age
37:25 Scale Mail Armor
37:35 Forging
38:03 Gold Mining
38:03 Stone Mining
40:00 Scale Barding Armor
40:30 Iron Casting
39:23 Heavy Camel Rider
40:04 Husbandry
40:15 Bloodlines
40:27 Fortified Wall
40:28 Masonry
39:58 Onager
43:45 Chain Barding Armor
43:34 Elite Gbeto
44:20 Light Cavalry
44:40 Siege Onager
46:26 Padded Archer Armor
47:02 Plate Barding Armor
47:58 Chemistry
47:34 Squires
alesh
9:01 Loom
11:19 Feudal Age
15:10 Castle Age
12:57 Double-Bit Axe
12:53 Horse Collar
17:26 Bow Saw
22:06 Wheelbarrow
22:10 Heavy Plow
24:22 Hand Cart
24:38 Gold Mining
25:42 Stone Mining
26:28 Gold Shaft Mining
25:51 Fletching
26:27 Bodkin Arrow
30:55 Imperial Age
29:07 Scale Barding Armor
29:13 Forging
29:56 Chain Barding Armor
29:06 Light Cavalry
29:47 Husbandry
29:58 Bloodlines
30:44 Iron Casting
30:49 Stirrups
32:12 Plate Barding Armor
32:00 Conscription
32:53 Blast Furnace
33:17 Scale Mail Armor
33:19 Bracer
33:54 Town Watch
33:49 Hussar
34:48 Squires
34:34 Arson
34:34 Gambesons
35:54 Chain Mail Armor
37:14 Plate Mail Armor
37:17 Onager
37:45 Pikeman
38:41 Siege Onager
41:20 Halberdier
42:35 Bagains
50:08 Padded Archer Armor
[BÜN] Mr. Grüezi
9:13 Feudal Age
9:38 Double-Bit Axe
9:56 Horse Collar
19:49 Castle Age
17:43 Gold Mining
19:08 Bloodlines
19:10 Forging
19:06 Scale Barding Armor
20:57 Bow Saw
20:10 Light Cavalry
21:09 Loom
21:10 Town Watch
21:13 Loom
24:01 Sanctity
28:31 Chain Barding Armor
28:46 Iron Casting
31:25 Stone Mining
32:10 Gold Shaft Mining
32:29 Wheelbarrow
33:38 Hand Cart
33:31 Heavy Plow
37:10 Imperial Age
34:43 Fletching
34:53 Padded Archer Armor
35:24 Ballistics
35:15 Masonry
35:31 Bodkin Arrow
36:41 Gold Shaft Mining
37:30 Leather Archer Armor
37:31 Husbandry
37:13 Elite Elephant Archer
39:12 Chemistry
38:27 Bracer
39:33 Siege Elephant
41:26 Caravan
42:57 Crop Rotation
43:58 Two-Man Saw
44:36 Ring Archer Armor
45:04 Conscription
44:58 Paiks
45:52 Mahayana
47:59 Onager
52:04 Redemption
52:11 Block Printing
52:21 Illumination
52:33 Theocracy
52:09 Fervor
lxnmnk Trade | B | S
11:03 Feudal Age
14:35 Castle Age
12:57 Double-Bit Axe
16:07 Bow Saw
16:27 Fervor
16:54 Wheelbarrow
16:38 Horse Collar
21:41 Hand Cart
26:30 Imperial Age
25:26 Chemistry
26:29 Loom
27:40 Padded Archer Armor
29:47 Scale Mail Armor
29:58 Forging
29:11 Pikeman
29:51 Squires
30:15 Town Watch
29:53 Halberdier
30:50 Chain Mail Armor
32:16 Heavy Plow
34:16 Plate Mail Armor
34:40 Forging
36:33 Iron Casting
36:59 Iron Casting
37:38 Caravan
39:53 Fletching
39:43 Heavy Scorpion
39:46 Houfnice
43:49 Leather Archer Armor
44:35 Blast Furnace
43:32 Bodkin Arrow
44:02 Ballistics
43:32 Guard Tower
43:30 Arrowslits
44:05 Bombard Tower
43:56 Masonry
43:42 Murder Holes
44:09 Conscription
43:56 Wagenburg Tactics
46:04 Ring Archer Armor
46:16 Siege Engineers
47:35 Bodkin Arrow
49:58 Coinage
50:43 Bracer
51:37 Architecture
Sorrateiro
6:19 Loom
8:44 Feudal Age
9:33 Double-Bit Axe
10:02 Town Watch
13:43 Wheelbarrow
20:37 Castle Age
20:22 Gold Mining
26:54 Bow Saw
28:59 Gold Shaft Mining
29:04 Stone Mining
33:34 Imperial Age
31:27 Fortified Wall
31:49 Hand Cart
33:03 Caravan
33:09 Scale Barding Armor
33:15 Forging
34:38 Chain Barding Armor
35:21 Iron Casting
36:18 Plate Barding Armor
35:38 Cavalier
36:27 Husbandry
37:15 Conscription
38:09 Blast Furnace
37:48 Fortified Wall
37:49 Masonry
37:20 Treadmill Crane
38:46 Town Patrol
38:37 Paladin
39:26 Chivalry
39:43 Fletching
41:01 Coinage
40:30 Bodkin Arrow
41:06 Architecture
41:57 Banking
48:13 Chemistry
47:34 Ballistics
47:23 Siege Engineers
Jan Itor
11:13 Feudal Age
12:38 Double-Bit Axe
14:57 Castle Age
12:40 Horse Collar
16:06 Bow Saw
15:58 Heavy Plow
19:47 Wheelbarrow
22:53 Caravan
23:45 Hand Cart
24:50 Loom
25:09 Town Watch
25:27 Fletching
26:38 Gold Mining
30:07 Imperial Age
28:17 Bodkin Arrow
28:37 Padded Archer Armor
28:23 Treadmill Crane
30:14 Town Patrol
30:17 Husbandry
31:02 Coinage
31:07 Leather Archer Armor
30:20 Heavy Cavalry Archer
31:06 Bracer
31:28 Ballistics
31:43 Leather Archer Armor
31:43 Bloodlines
32:07 Thumb Ring
32:53 Parthian Tactics
34:01 Chemistry
34:16 Banking
34:50 Conscription
38:41 Ring Archer Armor
38:18 Siege Engineers
39:47 Scale Barding Armor
39:53 Forging
42:48 Masonry
48:18 Fortified Wall
48:59 Guard Tower
49:04 Murder Holes
48:57 Arrowslits
51:06 Chain Barding Armor
51:21 Iron Casting
51:04 Scale Mail Armor
51:40 Iron Casting
51:59 Guard Tower
Connection lost

Rejoining the realm…

Still unreachable

The connection could not be restored.

Session expired

The server has moved on; the page needs a fresh start.